 Dungeon Crawl Stone Soup version 0.27-a0-1586-gd5c625afe7 (webtiles) character file.

Game seed: 14000229189169185716

8841 HAL9000 the Covert (level 11, 0/45 (51) HPs)
             Began as a Vine Stalker Brigand on July 18, 2021.
             Was a Follower of Dithmenos.
             Succumbed to a gnoll's poison
             ... on level 9 of the Dungeon.
             The game lasted 00:24:58 (12939 turns).

HAL9000 the Covert (Vine Stalker Brigand)          Turns: 12939, Time: 00:24:58

HP:   0/45 (51)     AC:  7    Str: 16    XL:     11   Next: 37%
MP:   0/17          EV: 11    Int: 18    God:    Dithmenos [*.....]
Gold: 320           SH:  0    Dex: 16    Spells: 13/16 levels left

rFire    . . .     SeeInvis .   a - +2 dagger
rCold    . . .     Faith    .   (no shield)
rNeg     . . .     Spirit   +   H - +0 troll leather armour
rPois    .         Reflect  .   (no helmet)
rElec    .         Harm     .   c - +0 cloak
rCorr    .         Rampage  .   i - +0 pair of gloves
Will     +....                  G - +0 pair of boots
Stlth    ++++++....             w - amulet of the acrobat
HPRegen  2.15/turn              E - +6 ring of intelligence
MPRegen  0.15/turn              (no ring)

@: lethally poisoned (0 -> -4), wreathed by umbra, heavily drained
A: fangs 3, regeneration 1, magic shield, antimagic bite, no potion heal 2
a: Renounce Religion


You were on level 9 of the Dungeon.
You worshipped Dithmenos.
Dithmenos was aware of your devotion.
You visited 2 branches of the dungeon, and saw 10 of its levels.

You collected 446 gold pieces.
You spent 126 gold pieces at shops.

Inventory:

Hand Weapons
 a - a +2 dagger (weapon)
Missiles
 d - 16 poisoned darts (quivered)
 e - 2 curare-tipped darts
 t - 8 javelins
 x - 6 boomerangs
 y - 8 datura-tipped darts
 A - 36 sling bullets
 D - 4 boomerangs of dispersal
Armour
 c - a +0 cloak (worn)
 i - a +0 pair of gloves (worn)
 G - a +0 pair of boots (worn)
 H - a +0 troll leather armour (worn)
Jewellery
 q - a ring of ice
 w - an amulet of the acrobat (around neck)
 E - a +6 ring of intelligence (left hand)
Wands
 f - a wand of flame (5)
 z - a wand of acid (3)
 C - a wand of paralysis (4)
Scrolls
 j - a scroll of summoning
 m - 5 scrolls of teleportation
 n - a scroll of enchant weapon {unknown}
 r - 4 scrolls of blinking
 s - a scroll of enchant armour {unknown}
 F - a scroll of acquirement {unknown}
Potions
 g - 4 potions of brilliance
 h - a potion of mutation
 k - 2 potions of flight
 l - a potion of might
 o - a potion of experience {unknown}
 p - 2 potions of berserk rage {unknown}
 u - 2 potions of lignification {unknown}
 v - a potion of haste {unknown}
 B - 3 potions of curing {unknown}


   Skills:
 + Level 2.6 Fighting
 + Level 9.6 Short Blades
 - Level 5.1 Throwing
 - Level 0.7 Dodging
 - Level 11.6 Stealth
 - Level 3.4 Spellcasting
 - Level 9.1 Hexes


You had 13 spell levels left.
You knew the following spells:

 Your Spells              Type           Power      Damage    Failure   Level
a - Dazzling Flash        Conj/Hex       38%        N/A       9%          3

Your spell library contained the following spells:

 Spells                   Type           Power      Damage    Failure   Level
 Corpse Rot               Necr/Air       N/A        N/A       28%         2
 Dispel Undead            Necr           3%         3d7       88%         4
 Iskenderun's Mystic Bla  Conj/Tloc      3%         2d3       88%         4
 Death Channel            Necr           1%         N/A       100%        6
 Starburst                Conj/Fire      1%         8x6d3     100%        6


Dungeon Overview and Level Annotations

Branches:
Dungeon (9/15)             Temple (1/1) D:5
   Lair: D:8-11         Orc: D:9-12

Altars:
Ashenzari
Cheibriados
Dithmenos
Elyvilon
Fedhas
Gozag
Hepliaklqana
Kikubaaqudgha
Makhleb
Nemelex Xobeh
Okawaru
Qazlal
Ru
Sif Muna
Trog
Uskayaw
Vehumet
Wu Jian
Xom
Yredelemnul
Zin
The Shining One

Shops:
D:3 (   D:5 !   D:9 ?

Annotations:
D:7 3 runed translucent doors, Howlingfantods's ghost, novice MiFi; zordking's ghost, novice TrCK


Innate Abilities, Weirdness & Mutations

You have razor-sharp teeth.
Your natural rate of healing is unusually fast.
When hurt, damage is shared between your health and your magic reserves.
Your bite disrupts and absorbs the magic of your enemies.
Potions cannot restore your health.


Message History

You hit the gnoll sergeant but do no damage.
Your bite misses the gnoll sergeant.
The gnoll sergeant is severely wounded.
You hit the gnoll sergeant but do no damage.
The gnoll sergeant is severely wounded.
The gnoll hits you from afar with a +2 halberd of venom!
The gnoll sergeant hits you with a +3 spear of flaming!
The gnoll sergeant burns you. The gnoll sergeant blocks your attack.
You bite the gnoll sergeant. You drain its power.
You feel invigorated.
The gnoll sergeant is severely wounded.
You hit the gnoll sergeant.
The gnoll sergeant is almost dead.
The gnoll barely misses you.
The gnoll sergeant hits you with a +3 spear of flaming!
The gnoll sergeant burns you.
You hit the gnoll sergeant but do no damage.
The gnoll sergeant blocks your attack.
The gnoll sergeant is almost dead.
You hit the gnoll sergeant but do no damage.
You bite the gnoll sergeant, but do no damage.
The gnoll sergeant is almost dead.
The gnoll barely misses you.
The gnoll sergeant hits you with a +3 spear of flaming!
* * * LOW HITPOINT WARNING * * *
The gnoll sergeant burns you.
* * * LOW HITPOINT WARNING * * *
You hit the gnoll sergeant but do no damage.
The gnoll sergeant is almost dead.
You hit the gnoll sergeant but do no damage.
You bite the gnoll sergeant, but do no damage.
The gnoll sergeant is almost dead.
The gnoll hits you from afar with a +2 halberd of venom!
* * * LOW HITPOINT WARNING * * *
You are lethally poisoned!
The gnoll sergeant misses you. The gnoll sergeant blocks your attack.
You bite the gnoll sergeant, but do no damage.
The gnoll sergeant is almost dead.
You die...

.......<###..#...#####
#.g.....####......#..#
#....................#
#...............###..#
..#..<........### #..#
.###..........## #.##
..##......(.(.g####..##
).h(##........(.##....#
#.#)g..........g@....###
#####g#....#8#.#8#..##.###
....#((....###'###.......#
#h.(...#...###.###......##
###..###...#.'.')#.....##
# #..#
#...###.###......### ##.#
#. #.'.'.#........## ...
###.###........<# (...
#.'.'.#........##


You could see a gnoll sergeant (poisoned) and a gnoll.

Vanquished Creatures
  Harold (D:6)
  Pikel (D:8)
  Joseph (D:7)
  A troll (D:8)
  6 slime creatures
  A wyvern (D:8)
  A steam dragon (D:6)
  4 water moccasins
  An orc warrior (D:7)
  4 sky beasts
  5 necrophages
  3 black bears
  A wolf (D:9)
  5 ogres
  2 centaurs
  4 lemures
  A phantom (D:4)
  An elf zombie (D:4)
  2 kobold brigands
  2 bullfrogs
  A wyvern zombie (D:5)
  3 elf skeletons (D:4)
  A water moccasin zombie (D:6)
  6 scorpions
  A wyvern skeleton (D:7)
  A water moccasin skeleton (D:5)
  9 wights
  4 howler monkeys
  2 bullfrog zombies (D:6)
  3 bullfrog skeletons (D:5)
  2 centaur skeletons (D:5)
  10 hounds
  2 human zombies
  4 orc priests
  7 centaur zombies
  A gnoll shaman (D:6)
  Terence (D:2)
  3 human skeletons (D:4)
  3 iguanas
  A scorpion zombie (D:5)
  7 orc wizards
  3 killer bee zombies
  A hound zombie (D:5)
  3 mummies (D:9)
  A howler monkey zombie (D:9)
  10 gnolls
  A howler monkey skeleton (D:4)
  9 adders
  A shadow imp (D:6)
  A white imp (D:6)
  An ufetubus (D:5)
  An adder skeleton (D:4)
  3 worms
  A dart slug (D:2)
  26 orcs
  4 bats
  8 endoplasms
  5 giant cockroaches
  7 goblins
  15 hobgoblins
  10 jackals
  3 quokkas
  10 ball pythons
  2 frilled lizards
  7 kobolds
  2 orc skeletons (D:4)
  An orc zombie (D:4)
  12 rats
267 creatures vanquished.

Vanquished Creatures (others)
  A white imp (D:6)
  6 withered plants (D:7)
7 creatures vanquished.

Grand Total: 274 creatures vanquished

Notes
Turn   | Place    | Note
-------+----------+-------------------------------------------
     0 | D:1      | HAL9000 the Vine Stalker Brigand began the quest for the
                  | Orb.
     0 | D:1      | Reached XP level 1. HP: 11/11 MP: 2/2
   256 | D:1      | Reached XP level 2. HP: 3/15 MP: 3/3
   963 | D:1      | Found a faded altar of an unknown god.
   978 | D:1      | Reached XP level 3. HP: 6/18 MP: 2/4
  1743 | D:1      | Gained mutation: Your natural rate of healing is unusually
                  | fast. [Vine Stalker growth]
  1743 | D:1      | Reached XP level 4. HP: 17/23 MP: 3/5
  1973 | D:2      | Noticed Terence
  2016 | D:2      | Reached XP level 5. HP: 16/26 MP: 3/6
  2021 | D:2      | Killed Terence
  2157 | D:2      | Learned a level 3 spell: Dazzling Flash
  2239 | D:2      | Reached skill level 5 in Throwing
  2668 | D:3      | Reached skill level 1 in Hexes
  2789 | D:3      | Found Suamaih's Weapon Shop.
  2999 | D:3      | Found an iron altar of Okawaru.
  3005 | D:3      | Reached XP level 6. HP: 30/30 MP: 7/7
  3050 | D:3      | Found a sacrificial altar of Ru.
  3611 | D:4      | Reached XP level 7. HP: 34/34 MP: 8/8
  4109 | D:4      | Reached skill level 5 in Hexes
  4365 | D:4      | Gained mutation: You have razor-sharp teeth. [Vine Stalker
                  | growth]
  4365 | D:4      | Reached XP level 8. HP: 35/38 MP: 9/9
  4745 | D:5      | Entered Level 5 of the Dungeon
  4927 | D:5      | Found Dustuam's Distillery.
  5045 | D:5      | Noticed a +0 hand axe
  5046 | D:5      | Noticed a +0 hand axe
  5048 | D:5      | Found a hide-covered altar of Uskayaw.
  5445 | D:5      | Found a staircase to the Ecumenical Temple.
  5595 | Temple   | Entered the Ecumenical Temple
  5816 | D:5      | Reached skill level 1 in Spellcasting
  5920 | D:5      | Reached XP level 9. HP: 36/42 MP: 6/14
  6143 | D:5      | Reached skill level 5 in Stealth
  6185 | D:5      | Reached skill level 6 in Stealth
  6324 | D:5      | Reached skill level 7 in Stealth
  6650 | D:6      | Reached skill level 8 in Stealth
  6709 | D:6      | Found a sparkling altar of Nemelex Xobeh.
  6749 | D:6      | Identified the +6 scale mail "Wufu" {Rampage rF+++ Str+3
                  | Int-4}
  6851 | D:6      | Found a burning altar of Makhleb.
  6884 | D:6      | Reached skill level 9 in Stealth
  7026 | D:6      | Reached skill level 10 in Stealth
  7487 | D:6      | Reached skill level 11 in Stealth
  7513 | D:6      | Reached XP level 10. HP: 45/46 MP: 13/16
  8020 | D:7      | Noticed Joseph
  8246 | D:7      | Noticed Harold
  8250 | D:7      | Found a runed translucent gate.
  8250 | D:7      | Found a runed translucent gate.
  8250 | D:7      | Found a runed translucent gate.
  8252 | D:7      | Noticed zordking's ghost (novice TrCK)
  8301 | D:6      | Killed Harold
  8580 | D:7      | Reached skill level 5 in Short Blades
  9017 | D:7      | Found a shadowy altar of Dithmenos.
  9231 | D:7      | Noticed Howlingfantods's ghost (novice MiFi)
  9313 | D:7      | Killed Joseph
  9383 | D:7      | Found a radiant altar of Vehumet.
  9383 | D:7      | Found a glowing silver altar of Zin.
  9786 | D:7      | Became a worshipper of Dithmenos the Shadowed
 10090 | D:8      | Found a broken altar of Ashenzari.
 10090 | D:8      | Found an ornate altar of the Wu Jian Council.
 10214 | D:8      | Found a bloodstained altar of Trog.
 10266 | D:7      | HP: 2/40 [poisoned by a water moccasin]
 10271 | D:7      | HP: 2/40 [poisoned by a water moccasin]
 11036 | D:7      | HP: 2/45 [slime creature (13)]
 11055 | D:7      | Reached XP level 11. HP: 13/50 MP: 17/17
 11573 | D:8      | Noticed Pikel
 11599 | D:8      | Killed Pikel
 12062 | D:9      | Found Aklyjeom's Magic Scroll Boutique.
 12070 | D:9      | Bought a scroll of teleportation for 36 gold pieces
 12070 | D:9      | Bought a scroll of blinking for 90 gold pieces
 12138 | D:9      | Found a basalt altar of Yredelemnul.
 12144 | D:9      | Reached * piety under Dithmenos
 12938 | D:9      | HP: 2/45 [gnoll (8)]
 12939 | D:9      | Succumbed to a gnoll's poison

Illustrated notes

Levels and vault maps discovered:
D:1:      psy_arrival_terrarium, layout_loops_ring,
          hellmonk_ecumenical_altar_blasted, chequers_serial_rivers_small_3
D:2:      layout_loops_ring, grunt_ministairs_1, minmay_tripent, uniq_terence
D:3:      layout_basic, okawaru_metal_pillars_1_2, mainiacjoe_overflow_catwalk,
          serial_shops, shop, nrook_loot_triangle
D:4:      layout_layer_cave, nicolae_ossuary_entry_catacombs
D:5:      minmay_thinvault, layout_basic, dancing_weapons_uskayaw,
          minmay_temple_entry_nine_rooms, serial_shops, nicolae_shop_crystal
D:6:      cheibrodos_barr_body, layout_rooms, nemelex_diamond_rough_becter,
          general_overflow_altar, portal_sewer_entry_e, minmay_crystal_room,
          minmay_pentangle
D:7:      layout_cave_pods, mainiacjoe_overflow_alcove_2,
          gammafunk_temple_overflow_wave, serial_rivers,
          chequers_serial_rivers_micro_d, chequers_serial_rivers_micro_c,
          chequers_serial_rivers_micro_c, chequers_serial_rivers_room_a,
          chequers_serial_rivers_small_a, gammafunk_ghost_cemetery,
          minmay_misc_feat_square, minmay_fractal_squares_5, uniq_joseph,
          uniq_harold
D:8:      layout_rooms, gammafunk_temple_overflow_claw, uniq_pikel
D:9:      layout_cave_pools, lemuel_mausoleum_altar_yredelemnul,
          erik_lair_island, serial_shops,
          nicolae_shop_temple_entry_statues_fountains
Temple:   cyrus_temple_forest

Skill      XL: |  1  2  3  4  5  6  7  8  9 10 11 |
---------------+----------------------------------+-----
Throwing       | 2 3 4 5 |  5.1
Hexes          | 1 4 6 9 |  9.1
Spellcasting   | 2 3 |  3.4
Stealth        | 11 | 11.6
Short Blades   | 8 9 |  9.6
Fighting       | 2 |  2.6
Dodging        | |  0.7

Action                   |  1- 3 |  4- 6 |  7- 9 | 10-12 || total
-------------------------+-------+-------+-------+-------++-------
Melee: Dagger            |    83 |   197 |   444 |   512 ||  1236
       Bite              |    16 |    59 |   165 |   209 ||   449
Throw: Dart              |     1 |    22 |    47 |   133 ||   203
       Throwing net      |       |       |       |     3 ||     3
       Boomerang         |       |       |       |    14 ||    14
 Cast: Dazzling Flash    |       |       |     3 |    12 ||    15
  Use: Scroll            |       |       |     7 |     3 ||    10
       Potion            |       |       |       |     1 ||     1
 Stab: Sleeping          |     6 |     9 |    22 |    18 ||    55
       Distracted        |       |       |     1 |       ||     1
       Held in net/web   |       |       |       |     3 ||     3
       Invisible         |       |       |       |     7 ||     7
Armor: Robe              |    27 |    37 |   100 |    59 ||   223
       Troll leather arm |       |       |       |     7 ||     7
Dodge: Dodged            |    47 |    87 |   186 |   298 ||   618

Table legend: (Time is in decaauts)
 A = Elapsed time spent in this place.
 B = Non-inter-level travel time spent in this place.
 C = Inter-level travel time spent in this place.
 D = Time resting spent in this place.
 E = Time spent auto-exploring this place.
 F = Levels seen in this place.
 G = Mean time per level.
                   A        B        C        D        E       F      G
               +--------+--------+--------+--------+--------+-----+--------+
         Total |  12703 |  11742 |    961 |   1808 |   7054 |  10 | 1270.3 |
       Dungeon |  12617 |  11696 |    921 |   1808 |   7009 |   9 | 1401.9 |
        Temple |     85 |     45 |     40 |      0 |     45 |   1 |   85.0 |
               +--------+--------+--------+--------+--------+-----+--------+

Top non-repeatable levels by time:
     D:7: 2477 daAuts
     D:5: 1925 daAuts
     D:1: 1740 daAuts
     D:6: 1697 daAuts
     D:4: 1392 daAuts
     D:8: 1075 daAuts
     D:2: 815 daAuts
     D:3: 761 daAuts
     D:9: 731 daAuts
  Temple: 85 daAuts
